 Dungeon Crawl Stone Soup version 0.30-a0-1164-ge08a67761e (webtiles) character file.

Game seed: 6376642873773358220

1097 Moonkey the Conjurer (level 8, -2/46 HPs)
             Began as a Deep Elf Conjurer on Apr 30, 2023.
             Killed from afar by a starcursed mass (5 damage)
             ... with an accursed screaming
             ... on level 1 of the Abyss.
             The game lasted 00:24:03 (5787 turns).

Moonkey the Conjurer (Deep Elf Conjurer)            Turns: 5787, Time: 00:24:03

Health: -2/46      AC:  6    Str: 10    XL:     8   Next: 10%
Magic:  19/19      EV: 13    Int: 26    God:
Gold:   213        SH:  0    Dex: 13    Spells: 10/20 levels left

rFire   . . .        (no weapon)
rCold   . . .        (no shield)
rNeg    . . .        a - +0 robe
rPois   .            v - +0 helmet
rElec   .            p - +0 cloak
rCorr   +            f - +1 pair of gloves
SInv    +            (no boots)
Will    .....        (no amulet)
Stlth   ++           k - ring "Berecop" {rCorr Str+6 SInv Stlth-}
HPRegen 0.27/turn    (no ring)
MPRegen 0.16/turn

%: no passive effects
@: no status effects
A: [screaming 2], [subdued magic 2]
a: no special abilities


You were on level 1 of the Abyss.
You visited 1 branch of the dungeon, and saw 4 of its levels.
You visited the Abyss 1 time.
You also visited: Ossuary.

You collected 271 gold pieces.
You spent 58 gold pieces at shops.

Inventory:

Missiles
 B - a throwing net
Armour
 a - a +0 robe (worn)
 f - a +1 pair of gloves (worn)
 p - a +0 cloak (worn)
 v - a +0 helmet (worn)
 z - an orb of guile
Jewellery
 k - the ring "Berecop" (left hand) {rCorr Str+6 SInv Stlth-}
   (You found it on level 2 of the Dungeon)

   [ring of strength]

   Str:       It affects your strength (+6).
   SInv:      It lets you see invisible.
   rCorr:     It protects you from acid and corrosion.
   Stlth:     It makes you less stealthy.
Wands
 w - a wand of mindburst (10)
Scrolls
 d - 3 scrolls of magic mapping
 g - a scroll of acquirement {unknown}
 h - a scroll of fog {unknown}
 i - a scroll of torment {unknown}
 m - a scroll of enchant weapon {unknown}
 o - 2 scrolls of teleportation
 s - a scroll of blinking {unknown}
 t - a scroll of summoning {unknown}
 y - a scroll of noise {unknown}
 A - a scroll of silence {unknown}
 C - a scroll of fear {unknown}
Potions
 b - a potion of might {unknown}
 c - a potion of lignification
 e - a potion of brilliance {unknown}
 j - 2 potions of haste
 l - a potion of cancellation {unknown}
 n - 4 potions of curing
 q - a potion of berserk rage {unknown}
 r - 3 potions of heal wounds
 u - 2 potions of mutation {unknown}
 x - a potion of degeneration {unknown}


   Skills:
 * Level 3.5 Fighting
 + Level 4.3 Dodging
 + Level 4.6 Stealth
 * Level 6.6 Spellcasting
 * Level 6.6 Conjurations
 + Level 2.9 Translocations


You had 10 spell levels left.
You knew the following spells:

 Your Spells              Type           Power      Damage    Failure   Level
a - Magic Dart            Conj           100%       1d8       1%          1
b - Searing Ray           Conj           54%        2d6       1%          2
c - Iskenderun's Mystic   Conj/Tloc      21%        2d6       5%          4
o - Dazzling Flash        Conj/Hex       32%        N/A       2%          3

Your spell library contained the following spells:

 Spells                   Type           Power      Damage    Failure   Level
 Fulminant Prism          Conj/Hex       8%         3d7       12%         4


Dungeon Overview and Level Annotations

Branches:
Dungeon (4/15)            Ossuary (visited)
 Temple: D:4-7

Altars:
Okawaru
Sif Muna
Uskayaw
Wu Jian

Shops:
D:2 *


Innate Abilities, Weirdness & Mutations

[You frequently scream uncontrollably at your foes.]
[Your spells are easier to cast, but less powerful.]


Message History

Confirm with . or Enter, or press ? or * to list all spells.
Aiming: Magic Dart (safe; 1% risk of failure)
Press: ? - help, Shift-Dir - straight line, f - ufetubus
Aim: an ufetubus (wandering, hasn't noticed you, 100% to hit)
The magic dart hits the ufetubus.
The ufetubus is severely wounded.
The ufetubus shouts!
Casting: Magic Dart (safe; 1% risk of failure)
Confirm with . or Enter, or press ? or * to list all spells.
Aiming: Magic Dart (safe; 1% risk of failure)
Press: ? - help, Shift-Dir - straight line, f/p - ufetubus
Aim: an ufetubus (severely wounded, 100% to hit)
The magic dart hits the ufetubus!
You kill the ufetubus!
You start resting.
A wretched star emerges from the beyond.
The wretched star pulses with an eldritch light!
Found a corrupted altar of Lugonu.
The wretched star pulses with an eldritch light!
You open the door.
There is an open door here.
There is a corrupted altar of Lugonu here.
You kneel at the altar of Lugonu.
The wretched star pulses with an eldritch light!
Your connection to magic feels subdued.
Your connection to magic feels more subdued.
The wretched star pulses with an eldritch light!
You feel the urge to shout.
You feel a strong urge to scream.
An orange demon comes into view.
A starcursed mass comes into view.
A starcursed mass splits.
The starcursed mass shrieks in your mind.
The wretched star glows turbulently.
The lance of force hits you!!
You are knocked back by the lance of force.
You slam into the rock wall!
* * * LOW HITPOINT WARNING * * *
A small abomination comes into view.
The starcursed mass shrieks in your mind.
You die...

. ........ .#.. #+
.#*. .#.#... .. .. .#
.# .. .. #.. . #
##'#.#. ..## #... ..
.##_. ..# #.###...###
..'
#......#.....#..#..
#####.##....###.#.#..
.. ......#.....#.#
.... . ....#.###@.#
.......#.#...##.##.#
.. #.##.#....#X .#
.... ..#.....#. .. #
#.###.###.## ## ##.#
#*.# #.# # #.#.##.##
#.X .# ...*# ##.
#.#..##...# .


You could see a starcursed mass.

Vanquished Creatures
  2 ogres (D:4)
  3 elf zombies (Ossuary)
  2 scorpions (D:4)
  2 human zombies (Ossuary)
  4 hounds
  Terence (D:3)
  2 mummies (Ossuary)
  Robin (D:3)
  17 gnolls (D:4)
  4 adders
  A white imp (Abyss:1)
  An ufetubus (Abyss:1)
  An adder zombie (Ossuary)
  20 orcs
  5 ball pythons
  5 endoplasms
  4 giant cockroaches
  6 hobgoblins
  18 jackals
  3 quokkas
  6 bats
  4 frilled lizards
  8 goblins
  2 goblin zombies (Ossuary)
  12 hobgoblin zombies (Ossuary)
  A jackal zombie (Ossuary)
  8 kobolds
  9 kobold zombies (Ossuary)
  7 orc zombies (Ossuary)
  A rat (D:1)
160 creatures vanquished.

Vanquished Creatures (others)
  3 plants (D:4)
3 creatures vanquished.

Grand Total: 163 creatures vanquished

Notes
Turn   | Place    | Note
-------+----------+-------------------------------------------
     0 | D:1      | Moonkey the Deep Elf Conjurer began the quest for the Orb.
     0 | D:1      | Reached XP level 1. HP: 10/10 MP: 6/6
   371 | D:1      | Reached XP level 2. HP: 16/16 MP: 5/8
  1065 | D:2      | Found an iron altar of Okawaru.
  1092 | D:2      | Identified the ring "Berecop" {rCorr Str+6 SInv Stlth-}
  1153 | D:2      | Reached skill level 1 in Fighting
  1153 | D:2      | Reached XP level 3. HP: 20/20 MP: 3/10
  1244 | D:2      | Learned a level 3 spell: Dazzling Flash
  1714 | D:2      | Found Rec Mapt's Assorted Antiques.
  1718 | D:2      | Bought a scroll labelled LESOSI TOATH for 29 gold pieces
  1718 | D:2      | Bought a scroll labelled RONTYHIDOA for 29 gold pieces
  2002 | D:3      | Noticed Terence
  2012 | D:3      | Reached XP level 4. HP: 25/25 MP: 7/12
  2063 | D:3      | Killed Terence
  2170 | D:2      | Reached skill level 5 in Conjurations
  2255 | D:3      | Identified the +0 leather armour of Fashionability {Harm
                  | rCorr Str-4 Stlth-}
  2305 | D:3      | Noticed Robin
  2309 | D:3      | Killed Robin
  2396 | D:3      | Found an ornate altar of the Wu Jian Council.
  2541 | D:3      | Found a hide-covered altar of Uskayaw.
  2653 | D:3      | Reached skill level 1 in Translocations
  2653 | D:3      | Reached XP level 5. HP: 21/29 MP: 6/13
  2767 | D:3      | Noticed a spectral centipede
  2767 | D:3      | Noticed a spectral black mamba
  2767 | D:3      | Noticed a spectral cane toad
  2876 | D:4      | Noticed an ogre
  2888 | D:4      | Killed an ogre
  2961 | D:4      | Found a sand-covered staircase.
  2969 | Ossuary  | Entered an ossuary
  2973 | Ossuary  | Learned a level 2 spell: Searing Ray
  3467 | Ossuary  | Reached skill level 5 in Spellcasting
  3467 | Ossuary  | Reached XP level 6. HP: 35/35 MP: 9/15
  3782 | Ossuary  | Reached XP level 7. HP: 15/40 MP: 7/17
  4366 | D:4      | Found a shimmering blue altar of Sif Muna.
  5236 | D:4      | Learned a level 4 spell: Iskenderun's Mystic Blast
  5474 | D:4      | Reached XP level 8. HP: 30/46 MP: 7/19
  5607 | Abyss:1  | Cast into level 1 of the Abyss (gnoll sergeant)
  5754 | Abyss:1  | Noticed a wretched star
  5758 | Abyss:1  | Found a corrupted altar of Lugonu.
  5776 | Abyss:1  | Noticed an orange demon
  5783 | Abyss:1  | Found a corrupted altar of Lugonu.
  5783 | Abyss:1  | Noticed a starcursed mass
  5784 | Abyss:1  | HP: 2/46 [rock wall collision (16)]
  5787 | Abyss:1  | Killed from afar by a starcursed mass

Illustrated notes

Levels and vault maps discovered:
D:1:      dpeg_arrival_tiny_j, layout_basic, serial_co_window_serial,
          co_window_corner_a, co_window_paths_b, co_window_corner_a,
          co_window_paths_a, co_window_corner_a, co_window_paths_c,
          co_window_cross_4, co_window_corner_b, co_window_paths_c,
          co_window_unsneaky_path_e, glass_columns_c, glass_columns_a
D:2:      layout_rooms, basic_altar, serial_shops, nicolae_diamond_shop,
          kennysheep_generic_room_10
D:3:      layout_basic, pdpol_wu_jian_five_deadly_venoms,
          nicolae_uskayaw_suspiria, uniq_terence, uniq_robin
D:4:      lemuel_castle_with_subvaults [lemuel_castle_interior_carwin_1],
          layout_cave_pools, mainiacjoe_overflow_paths,
          nicolae_ossuary_entry_ruins, minivault_19
Abyss:1:  base:
D:3

Skill      XL: |  1  2  3  4  5  6  7 |
---------------+----------------------+-----
Fighting       | 1 2 3 |  3.5
Spellcasting   | 4 5 6 |  6.6
Stealth        | 3 4 |  4.6
Conjurations   | 5 6 |  6.6
Dodging        | 3 4 |  4.3
Translocations | 1 2 |  2.9

Action                     |  1- 3 |  4- 6 |  7- 9 || total
---------------------------+-------+-------+-------++-------
  Melee: Unarmed           |       |       |     1 ||     1
   Cast: Magic Dart        |    65 |   125 |   146 ||   336
         Dazzling Flash    |       |     1 |       ||     1
         Searing Ray       |       |    10 |    10 ||    20
         Iskenderun's Myst |       |       |     2 ||     2
    Use: Scroll            |       |     5 |     3 ||     8
         Potion            |       |     1 |       ||     1
 Armour: Robe              |     1 |    14 |     5 ||    20
  Dodge: Dodged            |     3 |    27 |    23 ||    53

Table legend: (Time is in decaauts)
 A = Elapsed time spent in this place.
 B = Non-inter-level travel time spent in this place.
 C = Inter-level travel time spent in this place.
 D = Time resting spent in this place.
 E = Time spent auto-exploring this place.
 F = Levels seen in this place.
 G = Mean time per level.
                   A        B        C        D        E       F      G
               +--------+--------+--------+--------+--------+-----+--------+
         Total |   5788 |   5613 |    175 |   2269 |   2467 |   6 |  964.7 |
       Dungeon |   4560 |   4385 |    175 |   1453 |   2349 |   4 | 1140.0 |
         Abyss |    179 |    179 |      0 |    138 |      0 |   1 |  179.0 |
       Ossuary |   1047 |   1047 |      0 |    678 |    118 |   1 | 1047.0 |
               +--------+--------+--------+--------+--------+-----+--------+

Top non-repeatable levels by time:
     D:4: 1590 daAuts
 Ossuary: 1047 daAuts
     D:3: 1022 daAuts
     D:1: 999 daAuts
     D:2: 948 daAuts
 Abyss:1: 179 daAuts
